 Dungeon Crawl Stone Soup version 0.30.0-15-g856e2d3f33 (webtiles) character file.

Game seed: 9124234279806857445

42 SnakkuSnakku7 the Vexing (level 3, -3/30 HPs)
             Began as a Ghoul Hexslinger on May 20, 2023.
             Slain by a goblin
             ... wielding a +0 club
             ... led by Robin
              (4 damage)
             ... on level 2 of the Dungeon.
             The game lasted 00:01:43 (1449 turns).

SnakkuSnakku7 the Vexing (Ghoul Hexslinger)         Turns: 1449, Time: 00:01:43

Health: -3/30      AC:  4    Str: 15    XL:     3   Next: 56%
Magic:  3/3        EV: 11    Int:  8    God:
Gold:   152        SH:  0    Dex:  9    Spells: 3/4 levels left

rFire   . .          .
                       - Unarmed
rCold   + . .        (no shield)
rNeg    + + +        o - +0 leather armour
rPois   ∞            g - +0 helmet
rElec   .            (no cloak)
rCorr   .            (no gloves)
SInv    .            (no boots)
Will    .....        (no amulet)
Stlth   +            (no ring)
HPRegen 0.00/turn    (no ring)
MPRegen 0.08/turn

%: no passive effects
@: inhibited regen
A: claws 1, cold resistance 1, negative energy resistance 3, inhibited
regeneration, torment resistance 2, devour on kill
a: no special abilities


You were on level 2 of the Dungeon.
You visited 1 branch of the dungeon, and saw 3 of its levels.

You collected 152 gold pieces.

Inventory:

Hand Weapons
 a - a +1 sling
Missiles
 h - 8 poisoned darts (quivered)
Armour
 c - a +0 robe
 g - a +0 helmet (worn)
 o - a +0 leather armour (worn)
Scrolls
 b - a scroll of poison
 d - a scroll of amnesia {unknown}
 j - a scroll of silence {unknown}
 k - 2 scrolls of blinking {unknown}
 l - a scroll of teleportation {unknown}
 m - 2 scrolls of enchant weapon {unknown}
 n - a scroll of brand weapon {unknown}
Potions
 e - a potion of lignification {unknown}
 f - a potion of curing {unknown}
 i - a potion of invisibility {unknown}
 p - a potion of mutation {unknown}
 q - a potion of magic {unknown}
 r - a potion of heal wounds {unknown}


   Skills:
 + Level 2.4 Fighting
 - Level 1.7 Ranged Weapons
 + Level 1.0 Throwing
 - Level 1.7 Dodging
 + Level 2.0 Unarmed Combat
 - Level 1.0 Spellcasting
 - Level 2.4 Hexes


You had 3 spell levels left.
You knew the following spells:

 Your Spells              Type           Power      Damage    Failure   Level
a - Slow                  Hex            16%        N/A       19%         1

Your spell library contained the following spells:

 Spells                   Type           Power      Damage    Failure   Level
 Inner Flame              Hex/Fire       2%         N/A       65%         3
 Portal Projectile        Hex/Tloc       4%         N/A       65%         3
 Cause Fear               Hex            2%         N/A       88%         4


Dungeon Overview and Level Annotations

Branches:
Dungeon (3/15)

Altars:

Annotations:
D:3 Robin


Innate Abilities, Weirdness & Mutations

You are immune to poison.
You have sharp fingernails.
Your flesh is cold resistant. (rC+)
You are immune to negative energy. (rN+++)
You do not regenerate when monsters are visible.
You are immune to unholy pain and torment.
You thrive by killing the living.


Message History

Robin's horned helmet rattles.
Robin roars a battlecry!
The goblins go into a battle-frenzy!
There is a stone staircase leading up here.
Unknown command.
The goblin barely misses you. The goblin hits you with a +0 dagger.
The goblin hits you but does no damage. x2
The goblin hits you with a +2 dagger of protection.
Robin roars a battlecry!
You hear a shout!
You climb upwards.
There is a stone staircase leading down here.
The goblin hits you with a +0 dagger. The goblin hits you with a +0 club.
There is an open door here.
The goblin attacks as you move away! The goblin hits you with a +0 club.
The goblin attacks as you move away! The goblin barely misses you.
You scratch the goblin.
You kill the goblin!
You scratch the goblin.
You kill the goblin!
You feel better.
Your Throwing skill increases to level 1!
You scratch the goblin.
You kill the goblin!
Your Unarmed Combat skill increases to level 2!
The goblin barely misses you.
Items here: ))) †.
You closely miss the goblin. Your claw misses the goblin.
The goblin hits you with a +0 club.
* * * LOW HITPOINT WARNING * * *
You closely miss the goblin. The goblin hits you with a +0 club.
* * * LOW HITPOINT WARNING * * *
You closely miss the goblin.
The goblin no longer looks unusually strong.
The goblin hits you with a +0 club.
* * * LOW HITPOINT WARNING * * *
You closely miss the goblin.
The goblin no longer looks unusually strong.
The goblin hits you with a +0 club.
You die...

.###...........#.#.#.# #.......
.....###...###.#.#.#.######......
#..#####...# #..........# ##.....
...........#####.######.# ##...#
########.........# #.######.## #
##.....######### #.##....... ##
##.......## ##.###.##.###.##
.####......)..####...##.##.......
...)+......)>†gg@................
.####.........####....#.##..##...
## ##.......## ##..##..##..###.#
# ##..)..## #.##....##.......
##...## ##[#.#.###....... ##'##
##...## ######.# ### #.# ##.##
#.# ..# ###.# #.# #.# #.#
#...##########.# #.#


You could see 2 goblins.

Vanquished Creatures
  A dart slug (D:2)
  4 ball pythons
  2 bats (D:1)
  An endoplasm (D:1)
  2 giant cockroaches
  5 goblins
  4 hobgoblins
  3 jackals (D:1)
  3 quokkas
  A frilled lizard (D:2)
  5 kobolds
  5 rats
36 creatures vanquished.

Notes
Turn   | Place    | Note
-------+----------+-------------------------------------------
     0 | D:1      | SnakkuSnakku7 the Ghoul Hexslinger began the quest for the
                  | Orb.
     0 | D:1      | Reached XP level 1. HP: 16/16 MP: 1/1
    83 | D:1      | Reached skill level 1 in Unarmed Combat
    84 | D:1      | Reached XP level 2. HP: 24/24 MP: 2/2
   824 | D:2      | Reached XP level 3. HP: 28/29 MP: 3/3
  1402 | D:3      | Noticed Robin
  1444 | D:2      | Reached skill level 1 in Throwing
  1448 | D:2      | HP: 1/30 [goblin/+0 club[Robin] (5)]
  1449 | D:2      | Slain by a goblin

Illustrated notes

Levels and vault maps discovered:
D:1:      eino_arrival_cavern_a, layout_rooms, minmay_misc_feat_more_columns,
          kennysheep_flooded_box, dk_noncrumbling_3,
          chequers_serial_rivers_micro_d, minmay_misc_feat_square,
          dreamdust_princess_corridor
D:2:      layout_loops_corners
D:3:      layout_loops_ring, mainiacjoe_overflow_brackets,
          chequers_serial_rivers_large_b, uniq_crazy_yiuf_cottage, uniq_robin,
          uniq_ijyb

Skill      XL: |  1  2  3 |
---------------+----------+-----
Unarmed Combat | 1 2 |  2.0
Fighting       | 2 |  2.4
Throwing       | 1 |  1.0
Ranged Weapons | |  1.7
Dodging        | |  1.7
Spellcasting   | |  1.0
Hexes          | |  2.4

Action                     || total
---------------------------++-------
  Melee: Unarmed           ||    83
   Fire: Sling             ||    32
 Armour: Robe              ||    19
         Leather armour    ||    10
  Dodge: Dodged            ||    62
